Map: Ascension to Aiur LE

Players

soul

  • Race: Zerg Zerg
  • League: Master
  • Spawn Location: 5:00

Plokoon - Winner!

  • Race: Terran Terran
  • League: Master
  • Spawn Location: 11:00

VOD

Have the link to the VOD?

Description

Time

  • Played on: Nov. 22, 2017, 8:34 a.m.
  • Length: 6:24
Show
View Real Time Build Order
Export as new Build Order

soul Zerg 

Build Orders: Hatch First 

Get SALT Encoding   

  12  0:01  Drone  
  13  0:14  Overlord  
  13  0:17  Drone  
  14  0:32  Drone x2  
  16  0:41  Drone  
  17  0:52  Hatchery  
  16  0:57  Drone  
  16  1:01  Drone  
  16  1:02  Extractor  
  17  1:14  Spawning Pool  
  17  1:18  Drone  
  17  1:24  Drone  
  18  1:32  Drone  
  19  1:43  Overlord  
  19  1:52  Drone  
  20  2:00  Queen  
  22  2:04  Queen  
  22  2:05  Metabolic Boost  
  24  2:22  Hatchery  
  23  2:26  Drone  
  23  2:29  Drone  
  25  2:31  Zergling x2  
  25  2:34  Zergling x2  
  27  2:45  Spore Crawler  
  27  2:46  Pneumatized Carapace  
  27  2:51  Drone  
  27  2:52  Drone x2  
  27  2:56  Drone  
  31  3:01  Drone x2  
  33  3:08  Drone x2  
  35  3:14  Overlord x2  
  35  3:21  Drone  
  36  3:32  Queen  
  38  3:38  Drone x7  
  45  3:44  Queen  
  47  3:49  Queen  
  47  3:53  Drone  
  47  3:54  Drone x2  
  52  3:56  Drone  
  52  4:01  Drone  
  52  4:02  Drone x2  
  56  4:05  Overlord  
  56  4:08  Overlord  
  56  4:12  Queen  
  58  4:23  Queen  
  60  4:24  Queen  
  60  4:29  Overlord x2  
  62  4:31  Zergling x8  
  62  4:32  Zergling x2  
  62  4:37  Zergling x2  
  62  4:38  Zergling x6  
  71  4:46  Evolution Chamber, Drone x2  
  71  4:47  Extractor  
  71  4:48  Evolution Chamber  
  71  4:51  Zergling x2  
  71  4:52  Zergling x10  
  76  5:04  Queen  
  78  5:07  Drone  
  78  5:08  Drone x7  
  78  5:13  Baneling Nest  
  85  5:16  Extractor x2  
  85  5:18  Drone  
  85  5:19  Drone x3  
  87  5:29  Zergling x6  
  90  5:40  Overlord x4  
  90  5:47  Extractor x2  
  88  5:50  Drone x2  
  90  5:59  Baneling  
  90  6:00  Baneling x6  
  90  6:01  Drone x8  
Show
View Real Time Build Order
Export as new Build Order

Plokoon Terran - Winner!

Build Orders: Reaper Expand 

Get SALT Encoding   

  12  0:00  SCV  
  13  0:13  SCV  
  14  0:17  Supply Depot  
  14  0:25  SCV  
  15  0:38  SCV  
  15  0:40  Barracks  
  16  0:45  Refinery  
  16  0:50  SCV  
  17  1:03  SCV  
  18  1:16  SCV  
  19  1:27  Reaper  
  19  1:28  Orbital Command  
  20  1:43  Command Center  
  20  1:54  Barracks  
  20  1:57  SCV  
  21  2:01  Barracks Reactor  
  21  2:09  SCV  
  21  2:11  Supply Depot  
  22  2:17  Refinery  
  22  2:21  SCV  
  23  2:28  Factory  
  23  2:33  SCV  
  24  2:39  Marine x2  
  26  2:47  Barracks Tech Lab  
  26  2:48  SCV  
  27  2:55  Orbital Command  
  27  2:58  Marine x2  
  27  3:05  SCV  
  30  3:08  Marine  
  30  3:09  Stimpack  
  31  3:18  Starport  
  32  3:20  SCV  
  32  3:22  SCV  
  32  3:23  Marine  
  32  3:26  Factory Reactor  
  34  3:38  Marine x2  
  34  3:40  SCV  
  34  3:41  SCV  
  37  3:45  Supply Depot  
  37  3:47  Marine  
  38  3:53  SCV  
  39  3:56  Marine x2  
  39  4:00  Medivac  
  39  4:01  SCV  
  44  4:04  Hellion  
  44  4:07  Hellion, Marine  
  49  4:10  Supply Depot  
  49  4:14  Marine x2  
  49  4:15  Supply Depot  
  51  4:19  SCV  
  51  4:21  SCV  
  53  4:25  Marine  
  54  4:31  Marine  
  54  4:32  Hellion x2, Marine  
  60  4:42  Marine  
  60  4:44  Medivac, Supply Depot  
  63  4:46  SCV  
  63  4:47  SCV  
  63  4:49  Marine x2  
  63  4:51  Supply Depot  
  67  4:55  Hellion  
  69  5:00  Marine  
  70  5:07  Marine, SCV  
  70  5:11  Armory  
  70  5:12  Marine  
  70  5:13  Hellion  
  75  5:17  Hellion  
  75  5:18  Marine  
  79  5:21  SCV x2  
  79  5:25  Marine  
  81  5:33  Supply Depot, SCV x2  
  83  5:37  Marine x2  
  85  5:45  SCV  
  85  5:46  Hellion  
  85  5:47  Marine  
  92  5:55  Marine x2  
  94  5:59  Supply Depot  
  94  6:05  Marine  
Tags
 
Add a new tag
Caveats
  • Supply blocks, unpowered buildings, or Contaminate may cause inaccurate times.
  • Supply counts are checked every 10 seconds.